 Dungeon Crawl Stone Soup version 0.31-a0-198-g2ad674f65e (webtiles) character file.

Game seed: 10781231644540521666

5757 Pooter the Spear-Bearer (level 10, -4/90 HPs)
             Began as a Minotaur Berserker on June 25, 2023.
             Was an Elder of Trog.
             Slain by a yak (13 damage)
             ... on level 12 of the Dungeon.
             The game lasted 00:32:49 (7351 turns).

Pooter the Spear-Bearer (Minotaur Berserker)        Turns: 7351, Time: 00:32:50

Health: -4/90      AC: 20    Str: 31    XL:     10   Next: 49%
Magic:  9/9        EV:  9    Int:  4    God:    Trog [****..]
Gold:   391        SH:  0    Dex: 11    Spells: 9/9 levels left

rFire   + . .        a - +1 halberd (protect)
rCold   + . .        (shield currently unavailable)
rNeg    . . .        y - +1 chain mail
rPois   .            (helmet restricted)
rElec   .            j - +0 cloak
rCorr   .            l - +1 pair of gloves
SInv    +            (no boots)
Will    .....        (no amulet)
Stlth   +            F - ring of Scepticism {rF+ rC+ SInv Stlth+}
HPRegen 0.35/turn    m - +6 ring of strength
MPRegen 0.11/turn

%: no passive effects
@: under a protective aura, on berserk cooldown, slowed, very slow
A: horns 2, retaliatory headbutt
a: Renounce Religion, Berserk, Trog's Hand, Brothers in Arms


You were on level 12 of the Dungeon.
You worshipped Trog.
Trog was greatly pleased with you.
You visited 1 branch of the dungeon, and saw 10 of its levels.
You also visited: Sewer.

You collected 391 gold pieces.

Inventory:

Hand Weapons
 a - a +1 halberd of protection (weapon)
   (You found it on level 1 of the Dungeon)
 b - a +0 orcbow of flaming
   (You took it off a centaur on level 5 of the Dungeon)
 d - a +0 hand axe
 T - a +0 trident
   (You took it off an orc on level 8 of the Dungeon)
Missiles
 k - 73 poisoned darts
 p - 5 curare-tipped darts
 v - 6 boomerangs (quivered)
 C - 6 silver javelins
 Q - 69 stones
Armour
 j - a +0 cloak (worn)
   (You found it on level 1 of the Dungeon)
 l - a +1 pair of gloves (worn)
   (You found it on level 1 of the Dungeon)
 y - a +1 chain mail (worn)
   (You took it off an orc on level 4 of the Dungeon)
Jewellery
 c - a +5 ring of evasion
   (You found it on level 1 of the Dungeon)
 m - a +6 ring of strength (right hand)
   (You found it on level 2 of the Dungeon)
 x - a ring of flight
   (You found it on level 4 of the Dungeon)
 F - the ring of Scepticism (left hand) {rF+ rC+ SInv Stlth+}
   (You found it on level 3 of the Dungeon)

   [ring of see invisible]

   rF:        It protects you from fire.
   rC:        It protects you from cold.
   SInv:      It lets you see invisible.
   Stlth:     It makes you more stealthy.
 H - a +6 ring of intelligence
   (You found it on level 6 of the Dungeon)
 I - a ring of protection from cold
   (You took it off a gnoll on level 4 of the Dungeon)
 N - a ring of positive energy
   (You found it on level 5 of the Dungeon)
Wands
 u - a wand of paralysis (13)
   (You found it on level 2 of the Dungeon)
 R - a wand of quicksilver (9)
   (You took it off a kobold on level 8 of the Dungeon)
 S - a wand of mindburst (10)
   (You took it off a kobold on level 8 of the Dungeon)
Scrolls
 f - 2 scrolls of brand weapon
 i - a scroll of noise {!r}
 r - a scroll of identify {unknown}
 t - a scroll of teleportation {@r4}
 w - a scroll of fear
 A - a scroll of amnesia {unknown}
 E - a scroll of poison {unknown}
 J - a scroll of fog {unknown}
 K - a scroll of vulnerability {unknown}
 P - a scroll of enchant weapon {unknown}
Potions
 e - a potion of magic {unknown}
 g - 3 potions of enlightenment {unknown}
 h - 2 potions of curing {@q1}
 n - a potion of brilliance {unknown}
 o - 6 potions of might
 q - a potion of haste {unknown}
 s - 2 potions of ambrosia {unknown}
 z - 2 potions of cancellation {unknown}
 B - a potion of lignification {unknown}
 D - 2 potions of heal wounds {unknown}
 G - a potion of invisibility {unknown}
 L - a potion of degeneration {unknown}
 O - a potion of berserk rage {unknown}


   Skills:
 + Level 8.9 Fighting
 - Level 5.8(9.5) Axes
 * Level 11.5(12.1) Polearms
 * Level 8.6 Ranged Weapons
 - Level 2.4 Armour
 - Level 2.1 Dodging
 - Level 4.9 Stealth


You had 9 spell levels left.
You didn't know any spells.
Your spell library was empty.

Dungeon Overview and Level Annotations

Branches:
Dungeon (9/15)             Temple (0/1) D:4           Sewer (visited)
   Lair: D:8-11         Orc: D:9-12

Altars:
Kikubaaqudgha
Makhleb

Shops:
D:5 =

Portals:
Bailey: D:9


Innate Abilities, Weirdness & Mutations

You have a pair of horns on your head.
You reflexively headbutt those who attack you in melee.


Message History

Trog accepts your kill. The yak misses you. The yak gores you.
You slash the yak!
The centaur unwields a +0 shortbow.
The centaur hits you but does no damage.
The centaur closely misses you.
You barely miss the centaur. The yak gores you but does no damage.
The yak gores you! The yak gores you but does no damage.
The centaur completely misses you. The centaur barely misses you.
You hit the centaur. Your headbutt misses the centaur.
You feel the effects of Trog's Hand fading.
The centaur hits you but does no damage.
The centaur kicks you but does no damage.
The yak gores you but does no damage. The yak closely misses you.
The yak gores you but does no damage.
You barely miss the centaur.
The centaur hits you but does no damage.
The centaur closely misses you.
You impale the centaur!!
You kill the centaur!
Trog accepts your kill.
You are no longer berserk.
You are exhausted.
You feel yourself slow down. The yak gores you!
* * * LOW HITPOINT WARNING * * *
The yak gores you.
* * * LOW HITPOINT WARNING * * *
The yak gores you!
* * * LOW HITPOINT WARNING * * *
You puncture the yak! You headbutt the yak! The yak gores you.
* * * LOW HITPOINT WARNING * * *
The yak gores you but does no damage. x2
You impale the yak!!
You kill the yak!
Trog accepts your kill. The yak gores you but does no damage.
The yak closely misses you.
Unknown command.
You hit the yak. You headbutt the yak, but do no damage.
The yak gores you but does no damage. x3; The yak closely misses you.
The yak gores you but does no damage. The yak gores you.
* * * LOW HITPOINT WARNING * * *
You barely miss the yak.
Your skin stops crawling.
You feel less strong-willed. The yak gores you but does no damage.
The yak gores you!
* * * LOW HITPOINT WARNING * * *
The yak gores you but does no damage.
You hit the yak. You headbutt the yak! The yak gores you!
* * * LOW HITPOINT WARNING * * *
The yak gores you but does no damage. The yak gores you!
You die...

#..>.###.c #.........
.. #......... #...
#.........
#...######.........
#..................
#..#...............
#.#.#Y#)#..#.#.. #
#.....@Y........ ..##
#.#.#.#Y...#.#..
.....#...............
.......#.#.#.........
#...................
........##..........
.#..#####...........
#. ......#### #
#^....#


You could see 3 yaks.

Vanquished Creatures
  The ghost of Leavold the Spear-Bearer, a novice TeDe (D:6)
  A kobold demonologist (D:8)
  7 yaks
  A wraith (D:12)
  An acid dragon (D:8)
  A water moccasin (D:7)
  2 sky beasts
  A black bear (D:5)
  3 ogres
  5 centaurs
  A bullfrog (D:7)
  16 kobold brigands
  3 scorpions
  11 wights (D:8)
  6 killer bees (D:8)
  A howler monkey (D:8)
  3 hounds
  A gnoll bouda (D:4)
  2 jellies (D:5)
  2 orc priests
  3 iguanas
  A sleepcap (D:6)
  9 gnolls
  2 river rats (Sewer)
  11 adders
  A shadow imp (D:6)
  2 white imps
  3 ufetubi
  6 worms
  2 dart slugs (D:2)
  12 orcs
  5 bats
  7 endoplasms
  4 giant cockroaches
  5 goblins
  7 hobgoblins
  6 jackals
  30 kobolds
  A quokka (D:2)
  10 ball pythons
  A frilled lizard (D:2)
  7 rats
204 creatures vanquished.

Notes
Turn   | Place    | Note
-------+----------+-------------------------------------------
     0 | D:1      | Pooter the Minotaur Berserker began the quest for the Orb.
     0 | D:1      | Reached XP level 1. HP: 19/19 MP: 0/0
   398 | D:1      | Reached skill level 1 in Polearms
   398 | D:1      | Reached XP level 2. HP: 27/27 MP: 1/1
   923 | D:2      | Reached skill level 1 in Stealth
   931 | D:2      | Found an ancient bone altar of Kikubaaqudgha.
  1005 | D:2      | Reached XP level 3. HP: 33/33 MP: 2/2
  1074 | D:2      | Found a faded altar of an unknown god.
  1261 | D:2      | Reached ** piety under Trog
  1327 | D:2      | Reached skill level 2 in Polearms
  1490 | D:2      | Reached XP level 4. HP: 40/40 MP: 3/3
  1651 | D:3      | Found a glowing drain.
  1788 | Sewer    | Entered a sewer
  1909 | Sewer    | Reached skill level 3 in Polearms
  1946 | Sewer    | Noticed a kobold brigand
  1958 | Sewer    | Killed a kobold brigand
  1959 | Sewer    | Reached XP level 5. HP: 42/47 MP: 4/4
  2182 | Sewer    | Reached skill level 4 in Polearms
  2182 | Sewer    | Reached XP level 6. HP: 47/53 MP: 5/5
  2335 | Sewer    | Reached *** piety under Trog
  2387 | Sewer    | Reached skill level 5 in Fighting
  2387 | Sewer    | Reached skill level 5 in Axes
  2853 | D:3      | Identified the ring of Scepticism {rF+ rC+ SInv Stlth+}
  3070 | D:3      | Reached XP level 7. HP: 60/61 MP: 6/6
  3213 | D:4      | Reached skill level 5 in Polearms
  3712 | D:4      | Reached skill level 6 in Polearms
  3810 | D:4      | Found a staircase to the Ecumenical Temple.
  3891 | D:5      | Entered Level 5 of the Dungeon
  3897 | D:5      | Reached XP level 8. HP: 70/70 MP: 7/7
  3994 | D:5      | Found Zerozurch's One-of-a-Kind Rings.
  4093 | D:5      | Reached skill level 1 in Ranged Weapons
  4214 | D:5      | Found a burning altar of Makhleb.
  4256 | D:5      | Reached **** piety under Trog
  4359 | D:5      | Reached skill level 7 in Polearms
  5014 | D:6      | Found a runed translucent door.
  5034 | D:6      | Noticed Leavold's ghost (novice TeDe)
  5042 | D:6      | Killed Leavold's ghost
  5043 | D:6      | Reached skill level 8 in Polearms
  5169 | D:6      | Reached XP level 9. HP: 78/78 MP: 8/8
  5600 | D:7      | Reached skill level 5 in Ranged Weapons
  5603 | D:7      | Reached skill level 9 in Polearms
  5937 | D:8      | Reached skill level 10 in Polearms
  6313 | D:8      | Reached XP level 10. HP: 72/88 MP: 9/9
  6396 | D:8      | Noticed a rust devil
  6665 | D:8      | Reached skill level 11 in Polearms
  7303 | D:9      | Found a flagged portal.
  7307 | D:9      | You fall into a shaft and drop 3 floors!
  7351 | D:12     | Slain by a yak

Illustrated notes

Levels and vault maps discovered:
D:1:      spicycebolla_arrival_transporter_tutorial, layout_basic,
          minmay_tromino_v2
D:2:      layout_basic, basic_altar, hellmonk_ecumenical_altar_zigzags,
          guppyfry_early_orc_mine
D:3:      layout_basic, gup_sewer_entry_glass
D:4:      layout_gridville, minmay_temple_entry_proselytizer
D:5:      layout_loops_ring, mainiacjoe_overflow_24_doors,
          nicolae_shop_unique_rings, nicolae_sextant
D:6:      layout_gridville, ebering_ghost_reflecting_pool
D:7:      layout_rooms
D:8:      layout_loops_ring, special_room [special_room_kobold],
          minmay_statues_item, kennysheep_generic_room_11
D:9:      layout_basic, kennysheep_little_box, enter_bailey_3,
          guppyfry_early_elven_hall
D:12:     layout_cave_pools, serial_co_window_serial,
          co_window_of_opportunity_a, co_window_paths_a, co_window_corner_a,
          co_window_paths_b, co_window_of_opportunity_a, co_window_cross_3,
          co_window_unsneaky_path_d, co_window_unsneaky_path_b,
          co_window_of_opportunity_b, co_window_sun, co_window_paths_e,
          glass_columns_a, glass_columns_b, glass_columns_a, fedhas_altar_1,
          uniq_rupert

Skill      XL: |  1  2  3  4  5  6  7  8  9 10 |
---------------+-------------------------------+-----
Polearms       | 1 2 3 4 6 8 10 11 | 11.5
Stealth        | 1 2 3 4 |  4.9
Fighting       | 4 5 6 8 |  8.9
Axes           | 4 5 |  5.8
Ranged Weapons | 4 7 8 |  8.6
Armour         | |  2.4
Dodging        | |  2.1

Action                     |  1- 3 |  4- 6 |  7- 9 | 10-12 || total
---------------------------+-------+-------+-------+-------++-------
  Melee: Halberd           |    72 |   121 |   216 |   115 ||   524
         Hand axe          |     2 |       |       |       ||     2
         Headbutt          |     7 |     9 |    44 |    18 ||    78
   Fire: Orcbow            |       |       |    12 |     6 ||    18
  Throw: Stone             |       |    14 |       |       ||    14
         Dart              |       |     7 |     7 |       ||    14
 Invoke: Berserk           |       |       |     3 |     3 ||     6
         Trog's Hand       |       |       |     2 |     2 ||     4
  Evoke: Wand              |       |     3 |     1 |       ||     4
    Use: Scroll            |       |     2 |     4 |     2 ||     8
         Potion            |       |       |       |     2 ||     2
   Stab: Distracted        |       |     1 |     1 |       ||     2
         Sleeping          |       |     2 |     1 |       ||     3
         Paralysed         |       |       |     1 |       ||     1
         Petrifying        |       |       |       |     1 ||     1
 Armour: Animal skin       |    11 |    18 |       |       ||    29
         Scale mail        |       |     2 |    27 |       ||    29
         Chain mail        |       |       |    61 |    69 ||   130
  Dodge: Dodged            |    57 |    80 |    82 |    44 ||   263

Table legend: (Time is in decaauts)
 A = Elapsed time spent in this place.
 B = Non-inter-level travel time spent in this place.
 C = Inter-level travel time spent in this place.
 D = Time resting spent in this place.
 E = Time spent auto-exploring this place.
 F = Levels seen in this place.
 G = Mean time per level.
                   A        B        C        D        E       F      G
               +--------+--------+--------+--------+--------+-----+--------+
         Total |   7657 |   7422 |    235 |    812 |   5068 |  11 |  696.1 |
       Dungeon |   6652 |   6417 |    235 |    736 |   4424 |  10 |  665.2 |
         Sewer |   1005 |   1005 |      0 |     75 |    643 |   1 | 1005.0 |
               +--------+--------+--------+--------+--------+-----+--------+

Top non-repeatable levels by time:
     D:8: 1319 daAuts
   Sewer: 1005 daAuts
     D:2: 853 daAuts
     D:5: 834 daAuts
     D:1: 817 daAuts
     D:6: 777 daAuts
     D:3: 748 daAuts
     D:4: 700 daAuts
     D:7: 557 daAuts
    D:12: 38 daAuts
     D:9: 4 daAuts
